[Event "Team 45 45 League T26"]
[Site "Internet Chess Club"]
[Date "2005.04.20"]
[Round "5"]
[White "six-killer"]
[Black "Ciclamino"]
[Result "0-1"]
[WhiteElo "1768"]
[BlackElo "1682"]
[TimeControl "2700+45"]

1. e4 c6 2. d4 d5 3. exd5 cxd5 4. Bd3 Nc6 5. c3 g6 6. Bf4 Bg7 7. Nf3 Nh6 8. Nbd2
O-O 9. Qe2 f6 10. h3 Qb6 11. Nb3 e5 12. dxe5 fxe5 13. Be3 Qc7 14. Bb5 e4 15.
Nfd4 a6 16. Bxc6 bxc6 17. Nc5 Qd6 18. b4 Nf5 19. O-O a5 20. Ncb3 Ba6 21. b5 cxb5
22. Nxf5 Rxf5 23. Bc5 Qc7 24. Qd2 b4 25. Nd4 e3 26. Qxe3 Re5 27. Ne6 Qc6 {White
resigns} 0-1

[Event "Team 45 45 League T26"]
[Site "Internet Chess Club"]
[Date "2005.04.16"]
[Round "5"]
[White "SeniorCitizen"]
[Black "RD1974"]
[Result "0-1"]
[WhiteElo "1384"]
[BlackElo "1739"]
[TimeControl "2700+45"]

1. e4 c5 2. Nf3 Nc6 3. d4 cxd4 4. Nxd4 Nf6 5. Nc3 e6 6. Bd3 Bb4 7. Bd2 Nxd4 8.
O-O O-O 9. Ne2 Nxe2+ 10. Qxe2 Bxd2 11. Qxd2 Qc7 {White resigns} 0-1

[Event "Team 45 45 League T26"]
[Site "Internet Chess Club"]
[Date "2005.04.19"]
[Round "5"]
[White "jmc860"]
[Black "Traho"]
[Result "1-0"]
[WhiteElo "1604"]
[BlackElo "1236"]
[TimeControl "2700+45"]

1. e4 c6 2. d4 d5 3. e5 Bf5 4. Nf3 h6 5. Be2 e6 6. c3 c5 7. dxc5 Bxc5 8. Nbd2 a6
9. Nb3 Ba7 10. Nbd4 Ne7 11. O-O O-O 12. Nh4 Bh7 13. Bd3 Ng6 14. Nxg6 Bxg6 15.
Bxg6 Bxd4 16. cxd4 fxg6 17. Qg4 Qe8 18. Bd2 Nc6 19. Bc3 Rf5 20. Qe2 Qe7 21. Rac1
Raf8 22. Rcd1 b5 23. a3 Qa7 24. Qg4 Qf7 25. Qe2 Qa7 26. Rd3 Rf4 27. Qc2 Nxd4 28.
Bxd4 Rxd4 29. Rxd4 Qxd4 30. Qxg6 Qxe5 31. Qc2 Qb8 32. Qc6 Qc8 33. Qb6 Re8 34.
Qd4 Qc4 35. Qb6 Qc2 36. b4 Kh7 37. Qxa6 Qa4 38. Qxa4 bxa4 39. b5 Rb8 40. Rb1 e5
41. f3 d4 42. Kf2 Kg6 43. Rb4 Kf5 44. g3 d3 45. Ke3 Rd8 46. Kd2 Rb8 47. b6 Ke6
48. Kxd3 Rd8+ 49. Ke4 Rb8 50. Rb5 Kd6 51. Rb4 Kc5 52. Rxa4 Rxb6 53. Kxe5 Rb3 54.
Kf4 Kb5 55. Rb4+ Rxb4+ 56. axb4 Kxb4 57. Kf5 Kc5 58. Kg6 Kd6 59. Kxg7 Ke6 60.
Kxh6 {Black resigns} 1-0

[Event "Team 45 45 League T26"]
[Site "Internet Chess Club"]
[Date "2005.04.15"]
[Round "5"]
[White "trevor21"]
[Black "DTK"]
[Result "1/2-1/2"]
[WhiteElo "2067"]
[BlackElo "1986"]
[TimeControl "2700+45"]

1. d4 Nf6 2. c4 c5 3. d5 b5 4. cxb5 a6 5. f3 e6 6. e4 exd5 7. exd5 d6 8. Bc4 Be7
9. Ne2 O-O 10. O-O Bb7 11. Nbc3 Nbd7 12. bxa6 Bxa6 13. Bxa6 Rxa6 14. Ng3 Re8 15.
Nf5 Bf8 16. Re1 Rxe1+ 17. Qxe1 Ne5 18. Bg5 Qb6 19. Bxf6 gxf6 20. Rb1 Qb4 21.
Qg3+ Ng6 22. Ne4 Kh8 23. h4 Rxa2 24. h5 Rxb2 25. Rxb2 Qxb2 26. hxg6 fxg6 27.
Nfxd6 Qd4+ 28. Kh2 Qxd5 29. Qf4 f5 30. Kh3 Bxd6 31. Qxd6 Qxd6 32. Nxd6 Kg7 33.
Kg3 Kf6 34. Kf4 g5+ 35. Ke3 Ke6 36. Nc4 Kd5 37. Kd3 h5 38. Nb6+ Kc6 39. Nc4 Kd5
40. Nd2 g4 41. f4 h4 42. Nc4 h3 43. Ne3+ Ke6 44. gxh3 gxh3 45. Nf1 Kd5 46. Ke3
c4 47. Kf3 h2 48. Nxh2 Kd4 49. Nf1 Kd3 50. Ne3 c3 {Game drawn by mutual
agreement} 1/2-1/2

[Event "Team 45 45 League T26"]
[Site "Internet Chess Club"]
[Date "2005.04.16"]
[Round "5"]
[White "kingfischer57"]
[Black "mickeys"]
[Result "1-0"]
[WhiteElo "1685"]
[BlackElo "1577"]
[TimeControl "2700+45"]

1. d4 Nf6 2. c4 c5 3. d5 d6 4. Nc3 g6 5. e4 Bg7 6. f4 O-O 7. Nf3 Nbd7 8. Be2 a6
9. O-O Re8 10. f5 Nf8 11. fxg6 hxg6 12. Rb1 Bd7 13. a4 b6 14. Bd2 Qc7 15. Qc1
Ng4 16. h3 Ne5 17. Bh6 e6 18. Bxg7 Kxg7 19. Qg5 Nh7 20. Qf4 f5 21. exf5 exf5 22.
b3 Re7 23. Rbe1 Rae8 24. Ng5 Nf6 25. Qg3 Rh8 26. Bd1 Bc8 27. Ne2 Nh5 28. Qf2 Nd3
29. Qf3 Nxe1 30. Rxe1 Rhe8 31. Rf1 Re3 32. Qf2 R3e5 33. Nf4 Nxf4 34. Qxf4 Qe7
35. Nf3 Re4 36. Qg3 Qf6 37. Bc2 Re3 38. Qf4 Qc3 39. Bd1 Qf6 40. Bc2 Rc3 41. Bd1
Ree3 42. Ng5 Rxb3 43. Bxb3 Rxb3 44. Kh1 Qe5 45. Qh4 Qe8 46. Qh7+ Kf6 47. h4 Qe7
48. Qh8+ Qg7 49. Qxc8 Qe7 50. Qh8+ Qg7 51. Qe8 Qe7 52. Qg8 Re3 53. Qh8+ Qg7 54.
Qxg7+ Kxg7 55. Rb1 Rc3 56. Rxb6 Rxc4 57. Rxa6 Rxh4+ 58. Kg1 Kf6 59. Nf3 Re4 60.
Rxd6+ Kf7 61. a5 Ke7 62. Rxg6 c4 63. a6 c3 64. a7 Ra4 65. Rc6 Rxa7 66. Rxc3 Kd6
67. Rd3 Ra1+ 68. Kf2 Ra4 69. Kg3 Rg4+ 70. Kh3 Rg7 71. g3 Rh7+ 72. Kg2 Rg7 73.
Kf2 Re7 74. Nh4 Rf7 75. Kf3 Ke5 76. Ng6+ Kd6 77. Kf4 Rf6 78. Nh4 Rf8 79. Nxf5+
Kc5 80. g4 Kc4 81. Rd1 Kc5 82. d6 Rd8 83. g5 Kc6 84. g6 Kd7 85. Kg5 Rf8 86. g7
{Black resigns} 1-0

[Event "Team 45 45 League T26"]
[Site "Internet Chess Club"]
[Date "2005.04.16"]
[Round "5"]
[White "nursey"]
[Black "tourettes"]
[Result "1-0"]
[WhiteElo "1712"]
[BlackElo "1822"]
[TimeControl "2700+45"]

1. e4 c5 2. Nf3 d6 3. d4 cxd4 4. Nxd4 Nf6 5. Nc3 a6 6. Bg5 e6 7. Bc4 Be7 8. f4
h6 9. Bxf6 Bxf6 10. O-O Qb6 11. Ne2 e5 12. fxe5 dxe5 13. Kh1 exd4 14. e5 Bxe5
15. Bxf7+ Kd8 16. c3 Bd7 17. cxd4 Bxd4 18. Nxd4 Nc6 19. Nxc6+ Qxc6 20. Rc1 Qb5
21. Qd4 Rc8 22. Qxg7 {Black resigns} 1-0

[Event "Team 45 45 League T26"]
[Site "Internet Chess Club"]
[Date "2005.04.16"]
[Round "5"]
[White "gessie7"]
[Black "rabanito"]
[Result "1-0"]
[WhiteElo "1496"]
[BlackElo "1423"]
[TimeControl "2700+45"]

1. e4 e5 2. Nf3 Nc6 3. Bc4 Nf6 4. d3 Be7 5. Nc3 O-O 6. h3 d6 7. Be3 Na5 8. b3 a6
9. Qd2 b5 10. Nd5 Nxc4 11. Nxe7+ Qxe7 12. bxc4 bxc4 13. Bg5 Qe6 14. O-O Bb7 15.
Rab1 Rab8 16. Qa5 c5 17. Rfe1 Nd7 18. dxc4 Qxc4 19. Qc7 Bxe4 20. Rxb8 Nxb8 21.
Nd2 Qxc2 22. Nxe4 Qxa2 23. Qxd6 f6 24. Be3 Qa5 25. Rb1 {Black resigns} 1-0

[Event "Team 45 45 League T26"]
[Site "Internet Chess Club"]
[Date "2005.04.21"]
[Round "5"]
[White "f5"]
[Black "jpitt"]
[Result "0-1"]
[WhiteElo "2272"]
[BlackElo "2376"]
[TimeControl "2700+45"]

1. f4 c5 2. Nf3 g6 3. g3 Bg7 4. Bg2 d5 5. d3 Nf6 6. O-O O-O 7. Qe1 Nc6 8. c3 d4
9. Na3 Nd5 10. c4 Ne3 11. Bxe3 dxe3 12. Qc1 Nd4 13. Nxd4 cxd4 14. b4 e5 15. fxe5
h5 16. c5 h4 17. Nc4 hxg3 18. Qe1 gxh2+ 19. Kh1 Qg5 20. Rc1 Be6 21. a4 Bxe5 22.
Nxe5 Qxe5 23. a5 Bd5 24. Bxd5 Qxd5+ 25. Rf3 Rac8 26. Qh4 Rc6 27. Rc4 Rd8 28.
Kxh2 g5 29. Qh5 Qe5+ 30. Kg1 Rg6 31. b5 g4 32. Qxe5 gxf3+ 33. Kh2 f2 34. Rc1 Kh7
35. a6 bxa6 36. bxa6 Rdg8 37. Qe4 Rh8 38. Qxd4 Kg8+ 39. Qxh8+ Kxh8 40. d4 Rf6
41. Kg2 Kg7 42. d5 Rg6+ 43. Kh2 Rg5 44. c6 Rxd5 45. c7 f1=Q 46. Rxf1 Rc5 47. Rf3
Rxc7 48. Rxe3 Rc6 49. Ra3 Rc2 50. Kg3 Rxe2 51. Kf4 Re6 52. Kf5 Kf8 53. Ra1 Ke7
54. Ra2 Kd7 55. Ra1 Kc7 56. Rh1 Kb6 57. Rh7 Kxa6 58. Rxf7 Re1 59. Rh7 Kb6 60.
Rh8 a5 61. Rb8+ Kc5 62. Rc8+ Kb4 63. Rb8+ Ka3 64. Kf4 a4 65. Kf3 Ka2 66. Kf2 Rb1
67. Rh8 a3 68. Ke3 Rb7 69. Kd4 Kb3 70. Kc5 a2 71. Rh3+ Kb2 72. Rh2+ Ka3 73. Rh3+
Rb3 74. Rh1 Rb1 75. Rh3+ Ka4 76. Rh4+ Ka5 77. Rh8 Rc1+ {White resigns} 0-1

[Event "Team 45 45 League T26"]
[Site "Internet Chess Club"]
[Date "2005.04.17"]
[Round "5"]
[White "gringo"]
[Black "searchforbobby1"]
[Result "1-0"]
[WhiteElo "2249"]
[BlackElo "2131"]
[TimeControl "2700+45"]

1. e4 c5 2. Nf3 Nc6 3. d4 cxd4 4. Nxd4 Nf6 5. Nc3 e5 6. Ndb5 d6 7. Bg5 a6 8. Na3
b5 9. Bxf6 gxf6 10. Nd5 Bg7 11. c3 f5 12. exf5 Bxf5 13. Nc2 O-O 14. Nce3 Be6 15.
Bd3 Ne7 16. Qh5 Ng6 17. g4 Rc8 18. Be4 Rc5 19. Rd1 Bxd5 20. Rxd5 Rxd5 21. Nxd5
Re8 22. h4 Qc8 23. b3 Qc5 24. O-O Qc8 25. Kh2 Qd8 26. Kg3 Qc8 27. f3 Qd7 28. Rg1
Qc8 29. Kh2 Nf4 30. Qxh7+ Kf8 31. Ne3 Qxc3 32. Nf5 Qd2+ 33. Kh1 Ne6 34. Nxg7
Nxg7 35. Qh8+ Ke7 36. Qxg7 Qf2 37. Qg5+ Kd7 38. Rc1 Re6 39. Bc6+ {Black resigns}
1-0

[Event "Team 45 45 League T26"]
[Site "Internet Chess Club"]
[Date "2005.04.18"]
[Round "5"]
[White "iwulu"]
[Black "Milo"]
[Result "1/2-1/2"]
[WhiteElo "2217"]
[BlackElo "2288"]
[TimeControl "2700+45"]

1. d4 Nf6 2. Nf3 c5 3. d5 b5 4. Bg5 Qb6 5. Bxf6 Qxf6 6. c3 g6 7. e4 Qb6 8. Nbd2
Bg7 9. a4 bxa4 10. Nc4 Qc7 11. Qxa4 O-O 12. g3 d6 13. Bg2 Nd7 14. Nfd2 Bb7 15.
Qa5 Nb6 16. O-O e6 17. Nxb6 axb6 18. Qb5 Ra5 19. Rxa5 bxa5 20. Ra1 Rb8 21. Qxa5
Qe7 22. Qb6 Qf8 23. Qc7 exd5 24. exd5 Ra8 25. Re1 Ba6 26. Ne4 Rb8 27. Nxd6 Rxb2
28. h3 Re2 29. Ra1 Bd3 30. Qc6 Qe7 31. Ra8+ Bf8 32. Re8 Qf6 33. Rxe2 Bxe2 34.
Ne4 Qxc6 35. dxc6 Ba6 36. Bf1 Bc8 37. Nf6+ Kg7 38. Ne8+ Kg8 39. Kh2 Be7 40. Nc7
Kf8 41. Nb5 Ke8 42. Bc4 f6 43. Bd5 Kd8 44. c4 Ba6 45. Nc3 Kc7 46. f4 f5 47. Kg2
Bf6 48. Ne2 Kd6 49. g4 Bc8 50. gxf5 Bxf5 51. Ng3 Bd4 52. Ne4+ Bxe4+ 53. Bxe4 Bf6
54. Kg3 Bd8 55. h4 Ke6 56. Kg4 Kf6 57. h5 Bc7 58. hxg6 hxg6 59. Bg2 Bb8 60. Kf3
g5 61. fxg5+ Kxg5 62. Ke4 Kf6 63. Kd5 Ke7 64. Kxc5 Kd8 65. Kb6 Bf4 66. Kb7 Bh2
{Game drawn by mutual agreement} 1/2-1/2

[Event "Team 45 45 League T26"]
[Site "Internet Chess Club"]
[Date "2005.04.15"]
[Round "5"]
[White "hewdondada"]
[Black "Gregorio"]
[Result "0-1"]
[WhiteElo "1794"]
[BlackElo "2050"]
[TimeControl "2700+45"]

1. d4 Nf6 2. c4 e5 3. dxe5 Ng4 4. Nf3 Bc5 5. e3 Nc6 6. Be2 O-O 7. O-O Re8 8. b3
Ncxe5 9. Bb2 d6 10. Nbd2 Bf5 11. Nxe5 dxe5 12. Bxg4 Bxg4 13. Qxg4 Qxd2 14. Rab1
Qa5 15. a3 Bf8 16. Rfd1 b5 17. b4 Qa4 18. c5 Bxc5 19. Rd5 Bd6 20. Rbd1 Qb3 21.
Bc1 a6 22. e4 Re6 23. R5d3 Qc4 24. Rh3 Rg6 25. Qh5 h6 26. Qf3 a5 27. bxa5 Rxa5
28. Qd3 Qe6 29. Bb2 Ra4 30. Rg3 Rxg3 31. hxg3 Qc4 32. f3 Bc5+ 33. Kh2 Bd4 34.
Qd2 Qb3 35. Bc1 c5 36. g4 Rc4 37. g5 Rc2 38. Qe1 Qxf3 39. Rd2 Qh5+ {White
resigns} 0-1

[Event "Team 45 45 League T26"]
[Site "Internet Chess Club"]
[Date "2005.04.17"]
[Round "5"]
[White "ratty"]
[Black "trikmamak"]
[Result "0-1"]
[WhiteElo "2259"]
[BlackElo "2259"]
[TimeControl "2700+45"]

1. f4 d6 2. Nf3 g6 3. g3 Bg7 4. Bg2 f5 5. d3 Nf6 6. O-O c6 7. h3 O-O 8. c3 Nh5
9. Kh2 e5 10. e3 exf4 11. Qb3+ Kh8 12. exf4 Qb6 13. Nbd2 Qxb3 14. axb3 Be6 15.
Re1 Bg8 16. Nc4 Bxc4 17. dxc4 Bf6 18. Be3 Na6 19. b4 Rfe8 20. Nd2 Nc7 21. Nb3 a6
22. Bb6 Rec8 23. Na5 Rab8 24. Rad1 Ne8 25. Rf1 Kg8 26. g4 Nxf4 27. Rxf4 Be5 28.
Kg3 g5 29. Be3 fxg4 30. Kxg4 gxf4 31. Bxf4 Nf6+ 32. Kf5 Bxf4 33. Kxf4 Rf8 34.
Kg5 Ne8 35. Rd2 Rf7 36. h4 Rc8 37. Bh3 Rg7+ 38. Kf4 Rcc7 39. Be6+ Kf8 40. Nb3
Rce7 41. Bf5 Rgf7 42. Nd4 Ng7 43. Kg4 h5+ 44. Kg5 c5 45. Bg6 Re5+ 46. Kh6 Rf6
47. Nb3 Nf5+ 48. Kg5 Kg7 {White resigns} 0-1

[Event "Team 45 45 League T26"]
[Site "Internet Chess Club"]
[Date "2005.04.16"]
[Round "5"]
[White "onslaught"]
[Black "Molton"]
[Result "1/2-1/2"]
[WhiteElo "2232"]
[BlackElo "2190"]
[TimeControl "2700+45"]

1. e4 d5 2. exd5 Qxd5 3. Nc3 Qa5 4. d4 Nf6 5. Nf3 Bg4 6. h3 Bxf3 7. Qxf3 c6 8.
Bc4 e6 9. Bd2 Nbd7 10. O-O Qc7 11. Rfe1 Be7 12. a3 O-O 13. b4 b5 14. Bb3 Nb6 15.
Ne4 Nxe4 16. Qxe4 Rad8 17. c3 Nd5 18. a4 a5 19. bxa5 Qxa5 20. axb5 Qxb5 21. Reb1
Nf6 22. Qf3 Qf5 23. Qxf5 exf5 24. Ra7 Ne4 25. Be1 Bg5 26. Ba2 Ra8 27. Rbb7 Rxa7
28. Rxa7 g6 29. c4 Rd8 30. d5 cxd5 31. cxd5 Bf6 32. Kf1 Nd6 33. Ba5 Rc8 34. Ke1
Rc1+ 35. Kd2 Bg5+ 36. Kd3 Ne4 37. d6 Nxd6 38. Bb4 Ne4 39. Rxf7 Nxf2+ 40. Kd4
Rd1+ 41. Kc5 Nd3+ 42. Kb5 Nxb4 43. Kxb4 Rd2 44. Rxf5+ Rxa2 {Game drawn by mutual
agreement} 1/2-1/2

[Event "Team 45 45 League T26"]
[Site "Internet Chess Club"]
[Date "2005.04.17"]
[Round "5"]
[White "ChessyStud"]
[Black "indiadar"]
[Result "1-0"]
[WhiteElo "2079"]
[BlackElo "1955"]
[TimeControl "2700+45"]

1. e4 e5 2. Nf3 Nc6 3. Bb5 Nd4 4. Nxd4 exd4 5. O-O Bc5 6. d3 c6 7. Ba4 d6 8. f4
a5 9. a3 Nf6 10. h3 O-O 11. Nd2 Qe7 12. Nf3 d5 13. e5 Nd7 14. Qe2 f6 15. Bd2
fxe5 16. fxe5 h6 17. Kh1 Nf6 18. Ng1 b5 19. exf6 Qxe2 20. Nxe2 bxa4 21. fxg7
Rxf1+ 22. Rxf1 Kxg7 23. Nf4 Rb8 24. Nh5+ Kg8 25. Rf6 Bd7 26. Rxh6 Be7 27. Rg6+
Kf7 28. Rg7+ Kf8 29. Bc1 Be8 30. Rh7 Bd6 31. Bh6+ {Black resigns} 1-0

[Event "Team 45 45 League T26"]
[Site "Internet Chess Club"]
[Date "2005.04.15"]
[Round "5"]
[White "kikian"]
[Black "Apocalyptic"]
[Result "0-1"]
[WhiteElo "2030"]
[BlackElo "1993"]
[TimeControl "2700+45"]

1. e4 c5 2. Nc3 Nc6 3. g3 d6 4. Bg2 g6 5. d3 Bg7 6. f4 Nf6 7. Nf3 O-O 8. O-O a6
9. h3 b5 10. Rb1 b4 11. Ne2 Bb7 12. g4 Rb8 13. f5 a5 14. Nf4 Nd7 15. Qe1 Nde5
16. Ng5 h6 17. Nf3 Nxf3+ 18. Bxf3 g5 19. Nh5 Be5 20. Be3 Nd4 21. Bg2 Nxc2 22.
Qe2 Nxe3 23. Rf3 Nxg2 24. Kxg2 d5 25. Rbf1 dxe4 26. dxe4 Qd4 27. Re1 Qxb2 {White
resigns} 0-1

[Event "Team 45 45 League T26"]
[Site "Internet Chess Club"]
[Date "2005.04.19"]
[Round "5"]
[White "gracey"]
[Black "Zillmer"]
[Result "1-0"]
[WhiteElo "2070"]
[BlackElo "2101"]
[TimeControl "2700+45"]

1. e4 e6 2. d4 d5 3. Nd2 Nf6 4. Bd3 c5 5. e5 Nfd7 6. c3 Nc6 7. Ne2 cxd4 8. cxd4
f6 9. exf6 Nxf6 10. O-O Bd6 11. Nf3 O-O 12. Bf4 Bxf4 13. Nxf4 Ne4 14. Qc1 Ng5
15. Nxg5 Qxg5 16. Bxh7+ Kxh7 17. Nxe6 Qf5 18. Nxf8+ Qxf8 19. Re1 Nxd4 20. Qd1
Qf6 21. Qh5+ Qh6 22. Qxd5 Nc2 23. Re8 Nxa1 24. Qe4+ Qg6 25. Rh8+ Kxh8 26. Qxg6
Kg8 27. Qe8+ Kh7 28. Kf1 Kh6 29. Qd8 Kg6 30. f3 Kf7 31. Ke2 a5 32. Qc7+ Kf6 33.
Qc3+ Kf7 34. Qc1 Bf5 35. Qxa1 Rc8 36. f4 Rc2+ 37. Kf3 Bd7 38. g4 Rxh2 39. Qc1
Bc6+ 40. Ke3 Rg2 41. Qc4+ Kf6 42. g5+ Kf5 43. Qf7+ Kg4 44. Qxg7 Rg3+ 45. Kd4
Kxf4 46. Qf6+ Kg4 {Black resigns} 1-0

[Event "Team 45 45 League T26"]
[Site "Internet Chess Club"]
[Date "2005.04.17"]
[Round "5"]
[White "Sergio56"]
[Black "matman"]
[Result "0-1"]
[WhiteElo "1899"]
[BlackElo "1956"]
[TimeControl "2700+45"]

1. e4 c5 2. Nf3 e6 3. d3 Nc6 4. g3 g6 5. Bg2 Bg7 6. O-O Nge7 7. Nbd2 O-O 8. c3
d5 9. Re1 b5 10. Nb3 Qb6 11. Be3 d4 12. cxd4 cxd4 13. Bf4 e5 14. Bd2 a5 15. Qc2
a4 16. Nc5 h6 17. Rec1 Ra7 18. Nxa4 {White resigns} 0-1

[Event "Team 45 45 League T26"]
[Site "Internet Chess Club"]
[Date "2005.04.19"]
[Round "5"]
[White "syy89"]
[Black "alastorx"]
[Result "0-1"]
[WhiteElo "2075"]
[BlackElo "1809"]
[TimeControl "2700+45"]

1. d4 e6 2. Nf3 d5 3. e3 c5 4. Be2 Nc6 5. O-O Nf6 6. b3 Be7 7. Bb2 cxd4 8. exd4
O-O 9. Nbd2 Bd7 10. Ne5 Rc8 11. f4 Qc7 12. c3 Bd6 13. Bd3 Ne7 14. g4 Ne8 15. Qf3
f6 16. Nxd7 Qxd7 17. Qh3 Ng6 18. Qh5 f5 19. gxf5 exf5 20. Qg5 Rf6 21. Kh1 h6 22.
Qg3 Qc7 23. Bxf5 Rxf5 24. Qxg6 Rxf4 25. Qe6+ Kh8 26. Qxd5 Nf6 27. Qb5 Rh4 28.
Nf3 Rh5 29. Qe2 Re8 30. Qg2 Bxh2 31. Nxh2 Ng4 32. Kg1 Nxh2 33. Bc1 Nxf1 {White
resigns} 0-1

[Event "Team 45 45 League T26"]
[Site "Internet Chess Club"]
[Date "2005.04.16"]
[Round "5"]
[White "Egmont"]
[Black "Scotty2Cues"]
[Result "0-1"]
[WhiteElo "1655"]
[BlackElo "1908"]
[TimeControl "2700+45"]

1. e4 d5 2. exd5 Nf6 3. Bb5+ Bd7 4. Be2 Nxd5 5. d4 Nc6 6. c4 Nf6 7. Nf3 Bg4 8.
d5 Bxf3 9. Bxf3 Ne5 10. Be2 Qd7 11. Bf4 Qf5 12. Be3 e6 13. dxe6 Bb4+ 14. Bd2
Bxd2+ 15. Nxd2 Qxe6 16. Qa4+ c6 17. h3 Nd3+ 18. Kf1 Nf4 19. Re1 O-O 20. Bg4 Qd6
21. c5 Qxd2 22. Rd1 Qxb2 23. Qxf4 Rad8 24. a4 Rxd1+ 25. Bxd1 Qa1 26. Qd6 Ne4 27.
Qd3 Nxc5 {White resigns} 0-1

[Event "Team 45 45 League T26"]
[Site "Internet Chess Club"]
[Date "2005.04.16"]
[Round "5"]
[White "Quoyle"]
[Black "Rossinantes"]
[Result "1/2-1/2"]
[WhiteElo "2421"]
[BlackElo "2329"]
[TimeControl "2700+45"]

1. d4 Nf6 2. c4 c5 3. d5 e6 4. Nc3 exd5 5. cxd5 g6 6. e4 d6 7. h3 Bg7 8. Bd3 O-O
9. Nf3 a6 10. a4 Nbd7 11. O-O Nh5 12. Bg5 Bf6 13. Be3 Re8 14. Re1 Rb8 15. Rb1
Qc7 16. Qd2 Bg7 17. g4 Nhf6 18. Bf4 h5 19. g5 Nh7 20. Bf1 Ne5 21. Nxe5 Bxe5 22.
Bxe5 Rxe5 23. f4 Re8 24. h4 c4 25. Qd4 b5 26. axb5 axb5 27. b4 Nf8 28. e5 Bf5
29. Ra1 Nd7 30. Ra7 dxe5 31. fxe5 Nxe5 32. Rxc7 Nf3+ 33. Kf2 Nxd4 34. Rxe8+ Rxe8
35. Rb7 Rc8 36. Ke3 Nc2+ 37. Kf4 Nxb4 38. Rxb5 Nd3+ 39. Ke3 f6 40. gxf6 Kf7 41.
Kd4 Kxf6 42. Rb6+ Ke7 43. Rb7+ Kf6 44. Rb6+ Kg7 45. Bg2 Nf4 46. Bf3 Bg4 47. Be4
Bf5 48. Bxf5 gxf5 49. Ke5 Ng6+ 50. Kxf5 Nxh4+ 51. Kg5 Nf3+ 52. Kxh5 Kf7 53. Kg4
Ne5+ 54. Kf5 Nd7 55. Rc6 {Game drawn by mutual agreement} 1/2-1/2

[Event "Team 45 45 League T26"]
[Site "Internet Chess Club"]
[Date "2005.04.16"]
[Round "5"]
[White "VentasD"]
[Black "phoenix10q72"]
[Result "1/2-1/2"]
[WhiteElo "2111"]
[BlackElo "2285"]
[TimeControl "2700+45"]

1. d4 Nf6 2. Nf3 e6 3. c3 b6 4. Bf4 Bb7 5. Nbd2 Be7 6. h3 O-O 7. Qc2 c5 8. e3 d6
9. Be2 Nbd7 10. Rd1 cxd4 11. exd4 Nd5 12. Bh2 f5 13. O-O f4 14. Rfe1 h6 15. Bd3
e5 16. dxe5 Nxe5 17. Nxe5 dxe5 18. Rxe5 Bd6 19. Rf5 Rxf5 20. Bxf5 Qg5 21. Be6+
Kh8 22. Qf5 Re8 23. Nc4 Rxe6 24. Qxe6 Nxc3 25. Qg4 Qxg4 26. hxg4 Nxd1 27. Nxd6
Bd5 28. Bxf4 Nxb2 29. Be5 Nd3 30. Bd4 Nf4 31. Kh2 Bxa2 32. Nc8 b5 33. Nxa7 b4
34. Nc6 b3 35. Na5 Kh7 36. Nc4 Bb1 37. Nb2 Be4 38. f3 Bd5 39. Be5 Ne6 40. Kg3 g6
41. Kf2 Kg8 42. Ke3 Kf7 43. Kd3 Nd8 44. Nc4 Nc6 45. Ba1 Nb4+ 46. Kc3 Nc2 47. Bb2
Bxc4 48. Kxc4 Ne3+ 49. Kxb3 Nxg2 50. Bc1 g5 51. Kc4 Ke6 52. Kd4 Kf6 53. Ke4
{Game drawn by mutual agreement} 1/2-1/2

[Event "Team 45 45 League T26"]
[Site "Internet Chess Club"]
[Date "2005.04.18"]
[Round "5"]
[White "jorobo"]
[Black "trevor21"]
[Result "0-1"]
[WhiteElo "2094"]
[BlackElo "2088"]
[TimeControl "2700+45"]

1. e4 e6 2. d4 d5 3. Nc3 Bb4 4. exd5 exd5 5. Bd3 Nc6 6. a3 Bxc3+ 7. bxc3 Nge7 8.
Qh5 Be6 9. Nf3 Qd7 10. Ng5 g6 11. Qf3 h6 12. Nxe6 fxe6 13. O-O O-O-O 14. Re1
Rdg8 15. a4 Nf5 16. Bf4 g5 17. Be5 Rh7 18. Qe2 Re7 19. Qh5 Qe8 20. Qxe8+ Rexe8
21. Bb5 Kd7 22. Rab1 Ref8 23. Re2 h5 24. Rbe1 Rg6 25. h3 Rf7 26. g3 g4 27. h4 a6
28. Bd3 Rg8 29. Bxf5 Rxf5 30. Bf4 Rg6 31. Kg2 Na5 32. Rb1 b6 33. Rbe1 Nc4 34.
Be5 Rf3 35. Rb1 Rxc3 36. Rb3 Rxb3 37. cxb3 Nxe5 38. Rxe5 Rh6 39. f3 gxf3+ 40.
Kxf3 Kd6 41. b4 c5 42. bxc5+ bxc5 43. Ke3 cxd4+ 44. Kxd4 Rg6 45. Rxh5 Rxg3 46.
Rh6 Rg4+ 47. Kc3 Rxa4 48. h5 Rh4 49. Rh8 Rh3+ 50. Kc2 Ke5 51. h6 Kd4 52. Kd2
Rh2+ 53. Ke1 e5 54. Kd1 e4 55. h7 Kd3 56. Kc1 d4 57. Kb1 e3 58. Ra8 Rxh7 59.
Rxa6 e2 60. Re6 Rh1+ {White resigns} 0-1

[Event "Team 45 45 League T26"]
[Site "Internet Chess Club"]
[Date "2005.04.17"]
[Round "5"]
[White "WesleyCrusher"]
[Black "megamaster"]
[Result "0-1"]
[WhiteElo "2094"]
[BlackElo "2100"]
[TimeControl "2700+45"]

1. e4 c5 2. Nc3 d6 3. Nf3 Nc6 4. d4 cxd4 5. Nxd4 Nf6 6. Bc4 e5 7. Nxc6 bxc6 8.
Bg5 Be7 9. O-O O-O 10. Qd2 Be6 11. Bb3 Ng4 12. Bxe7 Qxe7 13. Rad1 Rad8 14. Qe2
Nf6 15. Rd3 Nd7 16. Rfd1 Nc5 17. R3d2 Nxb3 18. axb3 Qc7 19. Qa6 Rd7 20. b4 Rb8
21. b5 Rb6 22. Qa4 cxb5 23. Nxb5 Qb8 24. Nc3 Rxb2 25. Nd5 Rb1 26. h3 Rxd1+ 27.
Rxd1 Rb7 28. c3 Rb1 29. Rxb1 Qxb1+ 30. Kh2 Qb8 31. Qc6 Bxd5 32. exd5 Kf8 33. Qd7
g6 34. g4 Qb6 35. Kg2 h6 36. h4 a5 37. g5 h5 38. c4 Kg7 39. Qc6 Qb4 40. Qb5 Qe1
41. Qa6 Qe4+ 42. f3 Qe2+ 43. Kg3 Qe1+ 44. Kh3 Qf1+ 45. Kg3 Qg1+ 46. Kh3 Qf2 47.
Qxd6 Qxf3+ 48. Kh2 Qf4+ 49. Kg1 Qg4+ 50. Kf1 Qxc4+ 51. Kg1 Qd4+ 52. Kf1 e4 53.
Qc6 e3 54. d6 Qd1+ 55. Kg2 Qe2+ 56. Kh1 Qe1+ 57. Kg2 Qd2+ 58. Kh3 e2 59. d7 Kh7
60. Qc7 e1=Q 61. d8=Q Qh1+ {White resigns} 0-1

[Event "Team 45 45 League T26"]
[Site "Internet Chess Club"]
[Date "2005.04.17"]
[Round "5"]
[White "Catalog"]
[Black "Rising"]
[Result "0-1"]
[WhiteElo "2123"]
[BlackElo "2311"]
[TimeControl "2700+45"]

1. d4 Nf6 2. c4 e6 3. Nf3 Bb4+ 4. Bd2 a5 5. g3 d5 6. Bg2 Nc6 7. O-O dxc4 8. Qa4
Bd7 9. Qc2 Bxd2 10. Nbxd2 b5 11. Ne4 Nb4 12. Qb1 Nxe4 13. Qxe4 O-O 14. Ne5 Nd5
15. Rac1 f6 16. Nf3 Qe7 17. a4 c6 18. axb5 cxb5 19. Qb1 a4 20. Nd2 Rad8 21. Ne4
Bc6 22. h4 Rfe8 23. Bf3 Nb4 24. Rfd1 Qa7 25. h5 Bxe4 26. Qxe4 h6 27. e3 Qc7 28.
Kg2 Qe7 29. Qg6 Qf7 30. Qe4 Rd6 31. Rh1 Red8 32. Rh4 Nd3 33. Rb1 f5 34. Qb7 Qxb7
35. Bxb7 b4 36. Rhh1 c3 37. bxc3 bxc3 38. Rbd1 Nb4 39. Ra1 Rb6 40. Bf3 c2 41.
Rhc1 Kf8 42. Kf1 Rc8 43. Ke2 Rc3 44. Kd2 Rd3+ 45. Ke1 a3 46. Be2 Rc3 47. Kd2
Rbc6 48. Bf1 a2 49. Be2 Rc7 50. Bf1 Ke7 51. Be2 Rb3 {White resigns} 0-1

[Event "Team 45 45 League T26"]
[Site "Internet Chess Club"]
[Date "2005.04.16"]
[Round "5"]
[White "MrHyde"]
[Black "EdBorowski"]
[Result "0-1"]
[WhiteElo "2092"]
[BlackElo "2050"]
[TimeControl "2700+45"]

1. c4 c6 2. Nf3 Nf6 3. e3 d5 4. Qc2 e6 5. b3 Be7 6. Bb2 b6 7. Rg1 O-O 8. g4 dxc4
9. bxc4 Na6 10. g5 Nb4 11. Qc3 Ne8 12. a3 Na6 13. Be2 Bb7 14. h4 Nc5 15. Qc2 a5
16. d4 Nd7 17. Bd3 g6 18. h5 Ng7 19. hxg6 fxg6 20. Nbd2 b5 21. c5 b4 22. axb4
axb4 23. Qb3 Bxc5 24. Rxa8 Bxa8 25. Bc4 Be7 26. Bxe6+ Nxe6 27. Qxe6+ Rf7 28. d5
Nc5 {White resigns} 0-1

[Event "Team 45 45 League T26"]
[Site "Internet Chess Club"]
[Date "2005.04.17"]
[Round "5"]
[White "Ser-Enigma"]
[Black "akdog3"]
[Result "0-1"]
[WhiteElo "2080"]
[BlackElo "2162"]
[TimeControl "2700+45"]

1. e4 c5 2. Nf3 Nc6 3. d4 cxd4 4. Nxd4 g6 5. Nc3 Bg7 6. Be3 Nf6 7. Nxc6 bxc6 8.
e5 Ng8 9. Bd4 f6 10. f4 Qa5 11. Qe2 c5 12. exf6 Nxf6 13. Be5 O-O 14. O-O-O d6
15. Qc4+ Kh8 16. Bxf6 Bxf6 17. Nd5 Be6 18. c3 Rfb8 19. Be2 Rb6 20. Kc2 Rab8 21.
Rb1 Bxd5 22. Qxd5 Rxb2+ 23. Rxb2 Rxb2+ {White resigns} 0-1